 Dungeon Crawl Stone Soup version 0.22.1-1-ga44c0e5 (webtiles) character file.

956 geeseburger the Fighter (level 7, -5/81 HPs)
             Began as a Purple Draconian Chaos Knight on Oct 1, 2018.
             Slain by a centaur
             ... wielding a +0 club
              (14 damage)
             ... on level 5 of the Dungeon.
             The game lasted 00:16:41 (5332 turns).

geeseburger the Fighter (DrCK)                      Turns: 5332, Time: 00:16:42

Health: -5/81      AC:  6    Str: 21    XL:     7   Next: 91%
Magic:  0/7        EV: 13    Int: 12    God:    Xom [...*..]
Gold:   198        SH:  0    Dex:  9    Spells: 6/6 levels left

rFire    . . .     SeeInvis .   a - +1 hand axe (chaos)
rCold    . . .     Gourm    .   (no shield)
rNeg     . . .     Faith    .   (armour unavailable)
rPois    +         Spirit   +   (helmet restricted)
rElec    .         Reflect  .   v - scarf {repulsion}
rCorr    .         Harm     .   (no gloves)
MR       +....                  (no boots)
Stlth    +.........             g - amulet of guardian spirit
HPRegen  0.23/turn              e - ring of flight
MPRegen  0.10/turn              l - ring of poison resistance

@: mighty, repel missiles
A: breathe power, unfitting armour, blurry vision 1, clumsy 1, robust 1,
screaming 2, cold-blooded, AC +6
a: Breathe Dispelling Energy, Renounce Religion, Evoke Flight


You were on level 5 of the Dungeon.
You worshipped Xom.
You were a favourite toy of Xom.
You were not hungry.

You visited 1 branch of the dungeon, and saw 5 of its levels.

You collected 198 gold pieces.

Inventory:

Hand Weapons
 a - a +1 hand axe of chaos (weapon)
 u - a +2 falchion of holy wrath
 w - a +2 vampiric short sword
Armour
 v - a scarf of repulsion (worn)
Jewellery
 e - a ring of flight (left hand)
 g - an amulet of guardian spirit (around neck)
 l - a ring of poison resistance (right hand)
 n - an uncursed amulet of faith
Wands
 j - a wand of iceblast (6)
 r - a wand of acid (7)
 s - a wand of paralysis (10)
Scrolls
 f - 2 scrolls of magic mapping
 h - 3 scrolls of blinking
 t - a scroll of remove curse
Potions
 c - 2 potions of might
 d - 2 potions of curing {unknown}
 i - a potion of berserk rage
 k - a potion of lignification {unknown}
 m - a potion of magic {unknown}
 o - a potion of resistance {unknown}
 p - a potion of heal wounds {unknown}
 q - a potion of cancellation {unknown}
Comestibles
 b - 7 rations


   Skills:
 * Level 11.0 Fighting
 - Level 3.0 Axes
 + Level 4.2 Dodging


You had 6 spell levels left.
You didn't know any spells.
Your spell library was empty.

Dungeon Overview and Level Annotations

Branches:
Dungeon (5/15)             Temple (0/1) D:4

Altars:
Dithmenos
Fedhas
Qazlal
Sif Muna
Vehumet
Xom


Innate Abilities, Weirdness & Mutations

You can breathe bolts of dispelling energy.
Your rich purple scales are hard. (AC +6)
You cannot fit into any form of body armour.
You are cold-blooded and may be slowed by cold attacks.
Scrolls take you a little longer to read.
You are clumsy. (Dex -2)
You are robust. (+10% HP)
You sometimes yell uncontrollably at your foes.


Message History

You detect items!
The centaur hits you with an uncursed club.
The centaur hits you but does no damage.
You slash the centaur!
The centaur is moderately wounded.
The centaur misses you. The centaur completely misses you.
The adder closely misses you.
The centaur hits you with an uncursed club.
The centaur hits you with an uncursed club!
You hit the centaur.
The centaur is poisoned.
The centaur is heavily wounded.
The centaur hits you with an uncursed club!
* * * LOW HITPOINT WARNING * * *
The centaur hits you with an uncursed club!
* * * LOW HITPOINT WARNING * * *
The centaur hits you but does no damage.
You feel very mighty all of a sudden.
The centaur hits you with an uncursed club!
You die...
Xom howls with laughter!

#.......###.### #.
∆...........#...####.
####...........#...... ∆
∆ ..#..#......#...####.
##.#..##.#..<..### #.
......##.......# #.
..............## ##
##.##.#####...# # #@#
#...######## .##. #c#
#...##......
.....#S#####...##.####.
..J.....................
.#.......((.............
∆
#.(......(.............
##.#.#######...##......
..... #...########
###.## #...#


You could see a centaur (berserk) and an adder.

Vanquished Creatures
  A sky beast (D:4)
  2 ogres (D:4)
  The ghost of SaintRoka the Slasher, an amateur NaWr of Okawaru (D:4)
  3 big kobolds (D:4)
  A howler monkey (D:2)
  A bullfrog zombie (D:5)
  A centaur skeleton (D:5)
  A hound (D:4)
  An iguana (D:4)
  3 worker ants
  A hound zombie (D:5)
  A worker ant zombie (D:5)
  6 adders
  3 worms
  2 dart slugs
  A leopard gecko (D:3)
  3 orcs
  9 bats
  5 giant cockroaches
  6 goblins
  4 hobgoblins
  5 jackals
  9 kobolds
  A quokka (D:3)
  3 ball pythons
  A frilled lizard (D:2)
  9 rats
84 creatures vanquished.

Vanquished Creatures (others)
  4 plants (D:4)
4 creatures vanquished.

Grand Total: 88 creatures vanquished

Notes
Turn   | Place    | Note
-------+----------+-------------------------------------------
     0 | D:1      | geeseburger the Draconian Chaos Knight began the quest for
                  | the Orb.
     0 | D:1      | Reached XP level 1. HP: 19/19 MP: 1/1
    60 | D:1      | XOM: potion effect (experience)
    60 | D:1      | Reached skill level 8 in Fighting
    60 | D:1      | Reached XP level 2. HP: 36/36 MP: 2/2
   657 | D:1      | XOM: silly message
   941 | D:1      | XOM: divination: detect items
   980 | D:1      | XOM: give mutations
   980 | D:1      | Gained mutation: You are resistant to hostile enchantments.
                  | (MR+) [Xom's mischief]
   980 | D:1      | Gained mutation: Scrolls take you a little longer to read.
                  | [Xom's mischief]
  1027 | D:2      | Reached XP level 3. HP: 41/41 MP: 3/3
  1066 | D:2      | Found a radiant altar of Vehumet.
  1072 | D:2      | Found a stormy altar of Qazlal.
  1072 | D:2      | Found a shadowy altar of Dithmenos.
  1251 | D:2      | Found a blossoming altar of Fedhas.
  1271 | D:2      | Reached skill level 9 in Fighting
  1313 | D:2      | XOM: mild Chrm miscast
  1523 | D:2      | Reached XP level 4. HP: 21/50 MP: 1/4
  1729 | D:3      | XOM: stealth player
  1731 | D:3      | Found a deep blue altar of Sif Muna.
  2381 | D:3      | XOM: smoke on damage
  2464 | D:3      | Reached XP level 5. HP: 57/57 MP: 5/5
  2574 | D:3      | XOM: medium Ice miscast
  2651 | D:3      | Found a faded altar of an unknown god.
  2759 | D:4      | Noticed a sky beast
  2785 | D:4      | Killed a sky beast
  2787 | D:4      | XOM: give mutations
  2787 | D:4      | Lost mutation: Scrolls take you a little longer to read.
                  | [Xom's mischief]
  2787 | D:4      | Gained mutation: You have supernaturally acute eyesight.
                  | (SInv) [Xom's mischief]
  2787 | D:4      | Gained mutation: You occasionally shout uncontrollably at
                  | your foes. [Xom's mischief]
  2787 | D:4      | Lost mutation: You are resistant to hostile enchantments.
                  | (MR+) [Xom's mischief]
  3108 | D:4      | Found a staircase to the Ecumenical Temple.
  3110 | D:4      | Noticed an ogre
  3111 | D:4      | Noticed an ogre
  3138 | D:4      | XOM: stat loss: -1 Int (11/12)
  3140 | D:4      | Found a runed gate.
  3141 | D:4      | XOM: give mutations
  3141 | D:4      | Gained mutation: You are robust. (+10% HP) [Xom's mischief]
  3141 | D:4      | Lost mutation: You have supernaturally acute eyesight.
                  | (SInv) [Xom's mischief]
  3141 | D:4      | Gained mutation: Scrolls take you a little longer to read.
                  | [Xom's mischief]
  3141 | D:4      | Gained mutation: You sometimes yell uncontrollably at your
                  | foes. [Xom's mischief]
  3141 | D:4      | Gained mutation: You are clumsy. (Dex -2) [Xom's mischief]
  3142 | D:4      | Found a runed gate.
  3142 | D:4      | Found a runed gate.
  3142 | D:4      | Noticed SaintRoka's ghost (amateur NaWr)
  3145 | D:4      | XOM: confusion
  3391 | D:4      | Reached XP level 6. HP: 68/72 MP: 4/6
  3527 | D:4      | Reached skill level 10 in Fighting
  3904 | D:4      | XOM: harmless Fire miscast
  3906 | D:4      | XOM: cleaving
  4041 | D:4      | Your scales start taking on a rich purple colour.
  4041 | D:4      | Reached XP level 7. HP: 75/79 MP: 5/7
  4505 | D:4      | XOM is BORED!
  4505 | D:4      | XOM: enchant monster (bad)
  4510 | D:4      | XOM: scenery: create altars
  4518 | D:4      | XOM: scenery: create altars
  4544 | D:4      | Killed SaintRoka's ghost
  4557 | D:4      | XOM: scenery: create altars
  4847 | D:5      | Entered Level 5 of the Dungeon
  4879 | D:5      | XOM is BORED!
  4879 | D:5      | XOM: medium Summ miscast
  4880 | D:5      | Noticed a small abomination
  5253 | D:5      | Reached skill level 11 in Fighting
  5327 | D:5      | XOM: divination: detect items
  5332 | D:5      | Slain by a centaur

Skill      XL: |  1  2  3  4  5  6  7 |
---------------+----------------------+-----
Fighting       | 8 9 10 11 | 11.0
Dodging        | 3 4 |  4.2
Axes           | |  3.0

Action                   |  1- 3 |  4- 6 |  7- 9 || total
-------------------------+-------+-------+-------++-------
Melee: Hand axe          |    79 |   142 |    76 ||   297
       Tailslap          |     6 |    14 |    13 ||    33
  Use: Scroll            |     9 |     7 |     1 ||    17
       Potion            |       |       |     1 ||     1
 Stab: Sleeping          |     1 |     1 |       ||     2
       Petrified         |       |     5 |       ||     5
       Confused          |       |     1 |       ||     1
       Paralysed         |       |     3 |       ||     3
  Eat: Ration            |     1 |     2 |     1 ||     4
Armor: Skin              |    34 |    51 |    14 ||    99
Dodge: Dodged            |    56 |    90 |    47 ||   193
